 Dungeon Crawl Stone Soup version 0.28.0-53-g5a82cb258f (webtiles) character file.

Game seed: 17473436962687037314

450 Sin92 the Skirmisher (level 6, 0/48 HPs)
             Began as a Demonspawn Fighter on July 4, 2022.
             Slain by an ogre
             ... wielding a +0 giant spiked club
              (6 damage)
             ... on level 4 of the Dungeon.
             The game lasted 00:04:31 (3381 turns).

Sin92 the Skirmisher (Demonspawn Fighter)           Turns: 3381, Time: 00:04:31

Health: 0/48       AC: 11    Str: 16    XL:     6   Next: 74%
Magic:  6/6        EV: 10    Int: 10    God:
Gold:   158        SH:  6    Dex: 14    Spells: 5/5 levels left

rFire   . . .      SeeInvis .   a - +0 long sword
rCold   . . .      Faith    .   c - +1 buckler
rNeg    . . .      Spirit   .   b - +2 scale mail
rPois   .          Reflect  .   (helmet restricted)
rElec   .          Harm     .   (no cloak)
rCorr   .          Rampage  .   i - +0 pair of gloves
Will    .....                   (no boots)
Stlth   ..........              (no amulet)
HPRegen 0.16/turn               (no ring)
MPRegen 0.10/turn               (no ring)

@: no status effects
A: antennae 1, powered by pain 1, sharp scales 1
a: no special abilities


You were on level 4 of the Dungeon.
You visited 1 branch of the dungeon, and saw 4 of its levels.

You collected 158 gold pieces.

Inventory:

Hand Weapons
 a - a +0 long sword (weapon)
Armour
 b - a +2 scale mail (worn)
 c - a +1 buckler (worn)
 i - a +0 pair of gloves (worn)
Scrolls
 g - a scroll of amnesia
 h - 2 scrolls of identify
Potions
 f - a potion of curing
 j - a potion of berserk rage
 k - a potion of haste


   Skills:
 + Level 4.3 Fighting
 + Level 3.3 Long Blades
 + Level 3.9 Armour
 + Level 2.5 Dodging
 + Level 3.9 Shields


You had 5 spell levels left.
You didn't know any spells.
Your spell library contained the following spells:

 Spells                   Type           Power      Damage    Failure   Level
 Sting                    Tmut/Pois      0%         1d3       86%         1
 Poisonous Vapours        Pois/Air       0%         N/A       95%         2
 Olgreb's Toxic Radiance  Pois           0%         N/A       100%        4
 Freezing Cloud           Conj/Ice/Air   0%         6-21      100%        5
 Simulacrum               Ice/Necr       0%         N/A       100%        6
 Polar Vortex             Ice            0%         N/A       100%        9


Dungeon Overview and Level Annotations

Branches:
Dungeon (4/15)
 Temple: D:4-7

Altars:
Cheibriados
Dithmenos
Gozag

Annotations:
D:3 2 transporters, Stomo's ghost, amateur VSMo
D:4 1 runed translucent door


Innate Abilities, Weirdness & Mutations

You have a pair of small antennae on your head.
You sometimes gain a little power by taking damage.
You are partially covered in razor-sharp scales. (AC +1, Slay +1)


Message History

You now have 158 gold pieces (gained 3).
A ball python is nearby!
The ogre shouts!
The ball python hisses angrily.
There are monsters nearby!
There are monsters nearby!
You hit the ball python.
You kill the ball python!
Found an escape hatch in the ceiling.
You block the ogre's attack.
You barely miss the ogre. The ogre barely misses you.
You barely miss the ogre. The ogre hits you but does no damage.
Unknown command.
You hit the ogre.
The ogre is lightly wounded.
The ogre closely misses you.
Unknown command.
You slash the ogre!
The ogre is heavily wounded.
The ogre hits you with a +0 giant spiked club!!
Unknown command.
You hit the ogre.
The ogre is heavily wounded.
The ogre barely misses you.
Unknown command.
You hit the ogre.
The ogre is heavily wounded.
The ogre hits you with a +0 giant spiked club!
Unknown command.
You are too injured to fight recklessly!
Unknown command.
You are too injured to fight recklessly!
Unknown command.
You are too injured to fight recklessly!
You barely miss the ogre.
The ogre is heavily wounded.
The ogre hits you with a +0 giant spiked club!
* * * LOW HITPOINT WARNING * * *
You barely miss the ogre.
The ogre is heavily wounded.
The ogre hits you with a +0 giant spiked club.
You die...

..........# ###.......###.###
..........### #.........#.....#
............# #.........#.#.###
..........#†## #.........#.._..#
##...........####...#####.###.#.#
#....##..<....##...# #.#.....#
#....####.#'#+##...## #.###.###
#.#####..(..........# #.....#
##..## #........@.##.# #######
.....# #.......O.†.#..# ##....
#..[............# ###+#
#...........≈≈≈.#
#...........≈$≈.# {
............≈≈≈.# ..............#
<##........#..#


You could see an ogre.

Vanquished Creatures
  Grinder (D:3)
  A necrophage (D:4)
  A centaur skeleton (D:3)
  Natasha (D:4)
  A gnoll (D:1)
  3 adders
  2 adder skeletons (D:4)
  2 worms (D:2)
  4 dart slugs
  6 ball pythons
  5 endoplasms
  3 giant cockroaches
  5 goblins
  5 hobgoblins
  3 jackals (D:4)
  3 quokkas
  3 bats
  5 frilled lizards
  2 kobolds (D:1)
  5 rats
61 creatures vanquished.

Notes
Turn   | Place    | Note
-------+----------+-------------------------------------------
     0 | D:1      | Sin92 the Demonspawn Fighter began the quest for the Orb.
     0 | D:1      | Reached XP level 1. HP: 18/18 MP: 1/1
   128 | D:1      | Gained mutation: You are partially covered in razor-sharp
                  | scales. (AC +1, Slay +1) [demonic ancestry]
   128 | D:1      | Reached XP level 2. HP: 14/24 MP: 2/2
   681 | D:1      | Reached XP level 3. HP: 10/29 MP: 3/3
  1054 | D:1      | Found a faded altar of an unknown god.
  1200 | D:1      | Reached skill level 1 in Dodging
  1388 | D:1      | Found a shadowy altar of Dithmenos.
  2204 | D:3      | Found a transporter.
  2219 | D:3      | Gained mutation: You sometimes gain a little power by
                  | taking damage. [demonic ancestry]
  2219 | D:3      | Reached XP level 4. HP: 33/35 MP: 4/4
  2359 | D:3      | Found a snail-covered altar of Cheibriados.
  2383 | D:3      | Noticed Grinder
  2393 | D:3      | Paralysed by Grinder for 6 turns
  2406 | D:3      | Paralysed by Grinder for 7 turns
  2417 | D:3      | Killed Grinder
  2418 | D:3      | Reached skill level 4 in Fighting
  2418 | D:3      | Reached XP level 5. HP: 11/42 MP: 5/5
  2418 | D:3      | Gained mutation: You have a pair of small antennae on your
                  | head. [demonic ancestry]
  2418 | D:3      | Reached XP level 6. HP: 13/48 MP: 6/6
  2759 | D:3      | Found a transporter.
  2761 | D:3      | Noticed Stomo's ghost (amateur VSMo)
  2932 | D:4      | Found a runed translucent door.
  2962 | D:4      | Noticed Natasha
  2983 | D:4      | Killed Natasha
  3342 | D:4      | Found an opulent altar of Gozag.
  3381 | D:4      | Slain by an ogre

Illustrated notes

Levels and vault maps discovered:
D:1:      dpeg_arrival_water_altar, layout_basic,
          hellmonk_ecumenical_altar_zigzags, minmay_pentomino_u4
D:2:      layout_loops_ring
D:3:      layout_rooms, mainiacjoe_overflow_alcove_1, gammafunk_ghost_mausoleum,
          minmay_misc_feat_enclosed, uniq_grinder
D:4:      layout_basic, nicolae_gozag_cash_rules_everything_around_me,
          ebering_ghost_sewer_f, corexii_item_surrounded_by_moat, uniq_natasha

Skill      XL: |  1  2  3  4 |
---------------+-------------+-----
Long Blades    | 2 3 |  3.3
Shields        | 3 |  3.9
Armour         | 3 |  3.9
Dodging        | 1 2 |  2.5
Fighting       | 4 |  4.3

Action                   |  1- 3 |  4- 6 || total
-------------------------+-------+-------++-------
Melee: Long sword        |    98 |   107 ||   205
  Use: Scroll            |     5 |     4 ||     9
       Potion            |       |     6 ||     6
Armor: Scale mail        |    40 |    56 ||    96
Dodge: Dodged            |    39 |    63 ||   102
Block: Buckler           |    21 |    41 ||    62
